 Dungeon Crawl Stone Soup version 0.22-a0-247-gbddf880 (webtiles) character file.

189 Firecrotchwizard the Skirmisher (level 5, -1/29 HPs)
             Began as a Vine Stalker Fighter on Feb 23, 2018.
             Slain by an orc
             ... wielding a +0 morningstar
              (3 damage)
             ... on level 4 of the Dungeon.
             The game lasted 00:04:59 (2727 turns).

Firecrotchwizard the Skirmisher (VSFi)              Turns: 2727, Time: 00:04:59

Health: -1/29      AC:  8    Str: 19    XL:     5   Next: 68%
Magic:  0/6        EV:  9    Int:  8    God:
Gold:   131        SH:  5    Dex: 14    Spells: 4/4 levels left

rFire    + . .     SeeInvis .   a - +0 rapier
rCold    . . .     Gourm    .   l - +0 buckler (curse)
rNeg     . . .     Faith    .   b - +0 scale mail
rPois    .         Spirit   +   (no helmet)
rElec    .         Reflect  .   D - +0 cloak
rCorr    .         Harm     .   t - +0 pair of gloves
MR       .....                  (no boots)
Stlth    ..........             (no amulet)
HPRegen  0.49/turn              v - ring of protection from fire {rF+, !d}
MPRegen  0.10/turn              C - +4 ring of slaying

@: no status effects
A: fangs 2, regeneration 1, magic shield, antimagic bite, no potion heal 3, rot
immunity
a: no special abilities


You were on level 4 of the Dungeon.
You were hungry.

You visited 1 branch of the dungeon, and saw 4 of its levels.

You collected 131 gold pieces.

Inventory:

Hand Weapons
 a - a +0 rapier (weapon)
 w - a +2 hunting sling of flaming
   (You took it off a goblin on level 3 of the Dungeon)
Missiles
 e - 7 curare-tipped needles
 x - 44 sling bullets
 y - 77 stones (quivered)
Armour
 b - a +0 scale mail (worn)
 c - a +0 shield
 l - a cursed +0 buckler (worn)
   (You found it on level 1 of the Dungeon)
 t - a +0 pair of gloves (worn)
   (You found it on level 2 of the Dungeon)
 D - a +0 cloak (worn)
   (You found it on level 3 of the Dungeon)
Jewellery
 v - a ring of protection from fire (left hand) {rF+, !d}
   (You found it on level 4 of the Dungeon)
 B - an uncursed ring of fire {rF+, rC-}
   (You found it on level 3 of the Dungeon)
 C - a +4 ring of slaying (right hand)
   (You found it on level 3 of the Dungeon)
Wands
 r - a wand of clouds (8)
   (You found it on level 2 of the Dungeon)
Scrolls
 h - 2 scrolls of identify {unknown}
 j - a scroll of random uselessness {unknown}
 m - a scroll of amnesia {unknown}
 n - a scroll of enchant weapon {unknown}
 q - a scroll of remove curse {unknown}
 s - 2 scrolls of blinking {unknown}
 z - 2 scrolls of teleportation {unknown}
 A - a scroll of noise {unknown}
Potions
 d - 3 potions of might
 g - a potion of agility {unknown}
 i - a potion of brilliance {unknown}
 k - a potion of invisibility {unknown}
 o - a potion of flight {unknown}
 p - 2 potions of berserk rage {unknown}
 u - a potion of lignification {unknown}
Comestibles
 f - 8 rations {@e1}


   Skills:
 + Level 4.2 Fighting
 - Level 2.8 Short Blades
 - Level 2.4 Armour
 + Level 3.9 Shields


You had 4 spell levels left.
You didn't know any spells.

Dungeon Overview and Level Annotations

Branches:
Dungeon (4/15)
 Temple: D:4-7

Altars:


Innate Abilities, Weirdness & Mutations

You have extremely sharp teeth.
Your natural rate of healing is unusually fast.
When hurt, damage is shared between your health and your magic reserves.
Your bite disrupts and absorbs the magic of your enemies.
Potions cannot restore your health.
You are immune to rotting.


Message History

You are poisoned.
The adder poisons you! The adder barely misses you.
You now have 5/6 mp.
You closely miss the adder. Your bite misses the adder.
You feel sick. The adder bites you but does no damage.
You take 1 damage, and have 28/29 hp.
You hit the adder.
You kill the adder!
You feel sick.
You take 1 damage, and have 27/29 hp.
No target in view!
You start resting.
You feel sick. x3
MP restored: 6 You start resting.
Health restored: 29 You start waiting.
You feel sick.
You start waiting.
You feel sick.
You start waiting.
You feel sick.
You are no longer poisoned.
You take 1 damage, and have 28/29 hp.
y - 52 stones (gained 1)
You see here 17 arrows.
Things that are here:
a hand axe; a chain mail A hobgoblin comes into view.
It is wielding a club.
The hobgoblin shouts!
The hobgoblin throws a stone.
The stone hits you but does no damage.
You see here a stone.
Health restored: 29 A hobgoblin is nearby!
Throwing (i - inventory)
y - 52 stones (quivered)
Aim: a hobgoblin, wielding a club You throw a stone.
The stone hits the hobgoblin.
The hobgoblin throws a stone.
The stone closely misses you.
Throwing (i - inventory)
y - 51 stones (quivered)
Aim: a hobgoblin, wielding a club (almost dead)
You throw a stone. The stone hits the hobgoblin.
You kill the hobgoblin!
No target in view!
No target in view!
No target in view!
y - 52 stones (gained 2)
You now have 131 gold pieces (gained 3).
y - 77 stones (gained 25)
You see here a club.
You enter the shallow water.
Moving in this stuff is going to be slow.
You are feeling hungry.
You may need something to eat soon, looking for food.
Can't find anything matching that.
Sorry, you're not good enough to have a special ability.
You enter the shallow water.
Moving in this stuff is going to be slow.
You enter the shallow water.
Moving in this stuff is going to be slow.
You see here a club.
Things that are here:
a hand axe; a chain mail You see here a ring mail.
You enter the shallow water.
Moving in this stuff is going to be slow.
Partly explored, can't reach some items and places.
(D) Dungeon
Where to? (Enter - D:3, ? - help)
There is a stone staircase leading down here.
You climb downwards.
There is a stone staircase leading up here.
You may need something to eat soon, looking for food.
Can't find anything matching that.
Sorry, you're not good enough to have a special ability.
v - a scratched sapphire ring
v - a ring of protection from fire (left hand)
An orc, an orc warrior and an orc priest come into view.
The orc warrior shouts!
The orc shouts!
You hear a shout! x2
The orc priest begins to cast a cantrip, but forgets the words!
You start waiting.
The orc warrior hits you with a glaive!
You take 8 damage, and have 21/29 hp.
MASSIVE DAMAGE!!
You now have 5/6 mp.
You barely miss the orc priest. Your bite misses the orc priest.
The orc priest hits you with a mace. The orc warrior closely misses you.
You take 3 damage, and have 18/29 hp.
You hit the orc priest. Your bite misses the orc priest.
The orc priest hits you with a mace. The orc warrior hits you with a glaive!
* * * LOW HITPOINT WARNING * * *
You take 10 damage, and have 8/29 hp.
MASSIVE DAMAGE!!
You now have 2/6 mp.
You puncture the orc priest!
You kill the orc priest!
You completely miss the orc. Your bite misses the orc.
The orc warrior hits you with a glaive!
* * * LOW HITPOINT WARNING * * *
The orc hits you with a morningstar.
You die...

# ##.##.## #.
#..#..#
#.#####.##.#
##.....#..#.##
........)#..#
...##...#.##
#.####.#..#
#.......#.#
#.####@.#..## ###
#....oo.......
....##..##.....###.
........###.####
........# ###
###....o# #.###..
#. #(#. # #.#oo


You could see an orc warrior and an orc.

Vanquished Creatures
  2 orc priests
  Jessica (D:3)
  3 adders (D:3)
  2 dart slugs (D:1)
  2 leopard geckos (D:1)
  3 orcs (D:3)
  A ball python (D:1)
  8 bats
  3 giant cockroaches
  7 goblins
  6 hobgoblins
  8 jackals
  A quokka (D:3)
  2 frilled lizards (D:2)
  11 kobolds
  8 rats
68 creatures vanquished.

Notes
Turn   | Place    | Note
-------+----------+-------------------------------------------
     0 | D:1      | Firecrotchwizard the Vine Stalker Fighter began the quest for the Orb.
     0 | D:1      | Reached XP level 1. HP: 11/11 MP: 2/2
    51 | D:1      | Reached skill level 2 in Short Blades
    83 | D:1      | Reached XP level 2. HP: 16/16 MP: 3/3
   138 | D:1      | Reached skill level 3 in Fighting
   180 | D:1      | Reached XP level 3. HP: 10/20 MP: 1/4
  1212 | D:2      | Reached skill level 3 in Shields
  1536 | D:2      | Gained mutation: Your natural rate of healing is unusually fast. [Vine Stalker growth]
  1536 | D:2      | Reached XP level 4. HP: 22/24 MP: 5/5
  1783 | D:3      | Noticed Jessica
  1797 | D:3      | Killed Jessica
  2090 | D:3      | Reached XP level 5. HP: 25/29 MP: 6/6
  2190 | D:3      | Reached skill level 4 in Fighting
  2712 | D:4      | Noticed an orc warrior
  2727 | D:4      | HP: 2/29 [orc warrior/glaive (7)]
  2727 | D:4      | Slain by an orc

Vault maps used:
D:1:      dpeg_arrival_houses_and_road, minmay_pentomino_z4
D:2:      minivault_19
D:3:      serial_bayou_lagoon_a, minivault_24, uniq_jessica
D:4:      small_statue_intersection, guppyfry_early_orc_mine

Skill      XL: |  1  2  3  4  5 |
---------------+----------------+-----
Short Blades   | 2 |  2.8
Fighting       | 3 4 |  4.2
Shields        | 3 |  3.9
Armour         | |  2.4

Action                   |  1- 3 |  4- 6 || total
-------------------------+-------+-------++-------
Melee: Rapier            |   115 |    76 ||   191
       Bite              |    26 |    24 ||    50
Throw: Stone             |       |    29 ||    29
  Eat: Chunk             |     2 |     3 ||     5
Armor: Scale mail        |    45 |    21 ||    66
Dodge: Dodged            |    53 |    27 ||    80
Block: Shield            |    35 |       ||    35
       Buckler           |    19 |    11 ||    30

Table legend:
 A = Spawn XP
 B = Non-spawn XP
 C = Spawn XP percentage of total XP
 D = Spawn monster count
 E = Non-spawn monster count
 F = Spawn count percentage of total count
 G = Total turns spent on level
                    A         B        C        D         E        F      G
               +---------+---------+-------+---------+---------+-------+---------
         Total |       0 |     271 |   0.0 |       0 |      68 |   0.0 |  2727
               +---------+---------+-------+---------+---------+-------+---------
           D:1 |       0 |      62 |   0.0 |       0 |      32 |   0.0 |   782
           D:2 |       0 |      27 |   0.0 |       0 |      19 |   0.0 |   919
           D:3 |       0 |     141 |   0.0 |       0 |      16 |   0.0 |   982
           D:4 |       0 |      41 |   0.0 |       0 |       1 |   0.0 |    44
               +---------+---------+-------+---------+---------+-------+---------

Vault maps used:
D:1:      dpeg_arrival_houses_and_road, minmay_pentomino_z4
D:2:      minivault_19
D:3:      serial_bayou_lagoon_a, minivault_24, uniq_jessica
D:4:      small_statue_intersection, guppyfry_early_orc_mine

Table legend:
 A = Turns spent in this place as a percentage of turns spent in the entire game.
 B = Non-inter-level travel turns spent in this place as a percentage of non-inter-level travel turns spent in the entire game.
 C = Inter-level travel turns spent in this place as a percentage of turns spent in this place.
 D = Turns resting spent in this place as a percentage of non-inter-level travel turns spent in this place.
 E = Turns spent auto-exploring this place as a percentage of non-inter-level travel turns spent in this place.
 F = Non-inter-level travel turns spent in this place divided by the number of levels of this place that you've seen.
                   A       B       C       D       E      F
               +-------+-------+-------+-------+-------+----------------------
         Total | 100.0 | 100.0 |   1.9 |  11.6 |  71.3 | 668.8
       Dungeon | 100.0 | 100.0 |   1.9 |  11.6 |  71.3 | 668.8
               +-------+-------+-------+-------+-------+----------------------

Table legend:
 A = Kills in this place as a percentage of kills in entire the game.
 B = Kills by you in this place as a percentage of kills by you in the entire game.
 C = Kills by friends in this place as a percentage of kills by friends in the entire game.
 D = Other kills in this place as a percentage of other kills in the entire game.
 E = Experience gained in this place as a percentage of experience gained in the entire game.
 F = Experience gained in this place divided by the number of levels of this place that you have seen.
                   A       B       C       D       E      F
               +-------+-------+-------+-------+-------+----------------------
         Total | 100.0 | 100.0 |   N/A |   N/A | 100.0 |  67.8
       Dungeon | 100.0 | 100.0 |   N/A |   N/A | 100.0 |  67.8
               +-------+-------+-------+-------+-------+----------------------
